 Dungeon Sprint DCSS version 0.21-a0-104-g7b58145 (webtiles) character file.

254 Kidiri the Covert (level 5, -10/27 HPs)
             Began as a Spriggan Enchanter on July 6, 2017.
             Mangled by a neqoxec (13 damage)
             ... in the Dungeon (Sprint II: "The Violet Keep of Menkaure").
             The game lasted 00:01:25 (37 turns).

Kidiri the Covert (Spriggan Enchanter)                Turns: 37, Time: 00:01:26

Health: -10/27     AC:  2    Str:  4      XL:     5   Next: 90%
Magic:  7/15       EV: 24    Int: 15 (16) God:
Gold:   0          SH:  0    Dex: 18      Spells: 16/17 levels left

rFire    . . .     SeeInvis +   a - +1 dagger
rCold    . . .     Gourm    .   (shield restricted)
rNeg     . . .     Faith    .   b - +0 robe
rPois    .         Spirit   .   (helmet restricted)
rElec    .         Reflect  .   (no cloak)
rCorr    .         Harm     .   (gloves unavailable)
MR       .....     NoTele   +   (boots unavailable)
Stlth    ++++......             (no amulet)
HPRegen  0.09/turn              (no ring)
MPRegen  0.14/turn              (no ring)

@: berserk cooldown, slowed, quick
A: unfitting armour, see invisible, herbivore 3, speed 3, screaming 2, slow
metabolism 2
a: no special abilities


You were in the Dungeon.
You were not hungry.

You visited 1 branch

Inventory:

Hand Weapons
 a - a +1 dagger (weapon)
Armour
 b - a +0 robe (worn)
Scrolls
 j - a scroll of blinking
Potions
 e - a potion of curing
 f - a potion of heal wounds
 g - a potion of haste
 h - 2 potions of magic
Books
 c - a book of Maledictions

   Spells                             Type                      Level
   a - Corona                         Hexes                        1
   b - Ensorcelled Hibernation        Hexes/Ice                    2
   c - Confuse                        Hexes                        3
   d - Tukima's Dance                 Hexes                        3
   e - Dazzling Spray                 Conjuration/Hexes            3
Comestibles
 d - a bread ration


   Skills:
 + Level 2.7 Fighting
 * Level 5.7 Short Blades
 + Level 2.4 Armour
 * Level 8.1 Dodging
 * Level 9.2 Stealth
 * Level 6.7 Spellcasting
 + Level 5.6 Hexes


You had 16 spell levels left.
You knew the following spells:

 Your Spells              Type           Power        Failure   Level  Hunger
a - Corona                Hex            ###....      1%          1    None


Dungeon Overview and Level Annotations

Branches:
Dungeon (1/1)

Altars:


Innate Abilities, Weirdness & Mutations

You are very small and have problems with some larger weapons.
You are too small for most types of armour.
You have supernaturally acute eyesight. (SInv)
You are a herbivore.
You cover ground extremely quickly.
You need consume almost no food.
You sometimes yell uncontrollably at your foes.


Message History

The neqoxec hits you.
* * * LOW HITPOINT WARNING * * *
The crimson imp completely misses you.
You hit the neqoxec but do no damage.
The neqoxec is moderately wounded.
The neqoxec completely misses you. The crimson imp barely misses you.
You hit the neqoxec.
The neqoxec is heavily wounded.
The crimson imp disappears in a puff of smoke!
The neqoxec gestures at you.
You feel dopey. Something feeds on your intellect!
You closely miss the neqoxec.
The neqoxec is heavily wounded.
The neqoxec gestures at you.
Strange energies course through your body.
You barely miss the neqoxec.
The neqoxec is heavily wounded.
The neqoxec hits you!
You die...

## ##
##. $##
.w w.
.#. #
#+# .#
##.##H#
+.<.+#
##@##H#
#3# .#
53. #
55##.
### ##


You could see 2 neqoxecs, an iron imp, a white imp and a shadow imp.

Vanquished Creatures
  2 neqoxecs (D)
2 creatures vanquished.

Notes
Turn   | Place    | Note
-------+----------+-------------------------------------------
     0 | D        | Kidiri the Spriggan Enchanter began the quest for the Orb.
     0 | D        | Reached XP level 1. HP: 9/9 MP: 5/5
     1 | D        | Noticed a tyrant leech
     1 | D        | Noticed a tyrant leech
     4 | D        | Noticed a hippogriff
     4 | D        | Noticed a hippogriff
     7 | D        | Noticed a neqoxec
     7 | D        | Noticed a neqoxec
     7 | D        | Noticed a neqoxec
     7 | D        | Noticed a neqoxec
     9 | D        | Noticed a crimson imp
    17 | D        | Killed a neqoxec
    17 | D        | Reached skill level 1 in Armour
    17 | D        | Reached skill level 7 in Stealth
    17 | D        | Reached skill level 5 in Spellcasting
    17 | D        | Reached skill level 5 in Hexes
    17 | D        | Reached XP level 2. HP: 15/15 MP: 5/9
    17 | D        | Reached XP level 3. HP: 18/18 MP: 6/11
    17 | D        | Reached XP level 4. HP: 23/23 MP: 6/12
    21 | D        | Gained mutation: You occasionally shout uncontrollably at your foes. [a neqoxec]
    23 | D        | Gained mutation: You sometimes yell uncontrollably at your foes. [a neqoxec]
    27 | D        | Killed a neqoxec
    27 | D        | Reached skill level 5 in Short Blades
    27 | D        | Reached skill level 9 in Stealth
    27 | D        | Reached XP level 5. HP: 10/27 MP: 6/15
    37 | D        | Mangled by a neqoxec

Vault maps used:
D:        the_violet_keep_of_menkaure

Skill      XL: |  1  2  3  4 |
---------------+-------------+-----
Fighting       | 2 |  2.7
Short Blades   | 4 5 |  5.7
Armour         | 1 2 |  2.4
Dodging        | 6 8 |  8.1
Stealth        | 7 9 |  9.2
Spellcasting   | 5 6 |  6.7
Hexes          | 5 |  5.6

Action                   |  1- 3 |  4- 6 || total
-------------------------+-------+-------++-------
Melee: Dagger            |     9 |    20 ||    29
  Use: Potion            |     1 |       ||     1
Armor: Robe              |     1 |       ||     1
Dodge: Dodged            |     2 |     9 ||    11
